 Dungeon Sprint DCSS version 0.30-a0-304-gdc4b735fe1 (webtiles) character file.

Game seed: 17281846334859076385

193 mhtbhm the Protected (level 5, -1/53 HPs)
             Began as an Armataur Fighter on Oct 21, 2022.
             Killed from afar by Sigmund (9 damage)
             ... with a puff of flame
             ... in the Dungeon (Sprint I: "Red Sonja").
             The game lasted 00:00:53 (434 turns).

mhtbhm the Protected (Armataur Fighter)              Turns: 434, Time: 00:00:54

Health: -1/53      AC:  8    Str: 24    XL:     5   Next: 43%
Magic:  5/5        EV:  7    Int:  8    God:
Gold:   297        SH:  5    Dex:  9    Spells: 4/4 levels left

rFire   . . .      SeeInvis .    a - +0 long sword
rCold   . . .      Faith    .    c - +0 buckler
rNeg    . . .      Spirit   .    b - +0 scale mail
rPois   .          Reflect  .    (no helmet)
rElec   .          Harm     .    (no cloak)
rCorr   .          Roll     +    (no gloves)
Will    .....      NoTele   +    (no barding)
Stlth   ..........               (no amulet)
HPRegen 0.28/turn                (no ring)
MPRegen 0.09/turn                (no ring)

@: no status effects
A: large, rugged brown scales 3, deformed body, armoured tail, roll, long
tongue, awkward tongue
a: no special abilities


You were in the Dungeon.
You visited 1 branch You collected 297 gold pieces.

Inventory:

Hand Weapons
 a - a +0 long sword (weapon)
Armour
 b - a +0 scale mail (worn)
 c - a +0 buckler (worn)
Wands
 i - a wand of digging (1)
Scrolls
 j - a scroll of blinking
Potions
 e - a potion of curing
 h - 2 potions of magic


   Skills:
 + Level 5.8 Fighting
 + Level 4.5 Long Blades
 + Level 8.5 Armour
 + Level 7.1 Shields


You had 4 spell levels left.
You didn't know any spells.
Your spell library was empty.

Dungeon Overview and Level Annotations

Branches:
Dungeon (1/1)

Altars:
Cheibriados
Dithmenos
Elyvilon
Fedhas
Gozag
Hepliaklqana
Kikubaaqudgha
Nemelex Xobeh
Okawaru
Qazlal
Ru
Sif Muna
Trog
Uskayaw
Vehumet
Wu Jian
Yredelemnul
Zin
The Shining One

Shops:
D [

Annotations:
D Sigmund


Innate Abilities, Weirdness & Mutations

You are completely covered in rugged brown scales. (AC +3, +7% HP)
Armour fits poorly on your strangely shaped body.
You have a long armoured tail.
You roll when moving toward enemies. (Rampage)
Your long tongue fully drains potion bottles. (2x potion effects)
Your tongue gives you trouble enunciating. (1.5x scroll delay)


Message History

You hit Sigmund but do no damage.
Sigmund is severely wounded.
Sigmund hits you with a +2 scythe of protection.
* * * LOW HITPOINT WARNING * * *
You slurp down every last drop of the potion of heal wounds!
You feel much better. Sigmund casts a spell at you. The magic dart hits you.
You closely miss Sigmund. You tail-slap Sigmund.
Sigmund is severely wounded.
Sigmund mumbles some strange words.
Sigmund flickers and vanishes!
Deactivating autopickup; reactivate with Ctrl-A.
You closely miss something. Something hits you!
You miss something. Something hits you!
You miss something. Something hits you but does no damage.
You barely miss something. You closely miss something.
Your tail-slap misses something.
Something hits you.
You closely miss something. Something hits you.
You barely miss something. Something hits you but does no damage.
You hit something but do no damage. Something hits you but does no damage.
You miss something. Something hits you!
You closely miss something. You miss something. Something hits you!
* * * LOW HITPOINT WARNING * * *
You miss something. Something hits you.
* * * LOW HITPOINT WARNING * * *
You hit something but do no damage.
You hear some strange, mumbled words.
A magic dart appears from out of thin air!
The magic dart hits you.
* * * LOW HITPOINT WARNING * * *
You miss something. Something hits you.
* * * LOW HITPOINT WARNING * * *
You hit something.
Your tail-slap misses something.
You hear some strange, mumbled words.
A puff of flame appears from out of thin air!
The puff of flame hits you!
You die...

####### #######
#<.#..+ #..{..#
#..)..# +..#@.+
#..#### #####'#
#..#### #...#)#
#..#__####..##(#
#..#_____##'#_.+
#⌠⌠#_.∩...'..._#
###._.†__##_.#'#
#..#_____###+#)#
########## ###


There were no monsters in sight!

Vanquished Creatures
  A yak (D)
  A jelly (D)
  Ijyb (D)
3 creatures vanquished.

Notes
Turn   | Place    | Note
-------+----------+-------------------------------------------
     0 | D        | mhtbhm the Armataur Fighter began the quest for the Orb.
     0 | D        | Reached XP level 1. HP: 19/19 MP: 1/1
     2 | D        | Noticed Ijyb
     9 | D        | Killed Ijyb
    10 | D        | Reached skill level 5 in Armour
    10 | D        | Reached XP level 2. HP: 28/28 MP: 2/2
   163 | D        | Found a basalt altar of Yredelemnul.
   163 | D        | Found a hide-covered altar of Uskayaw.
   163 | D        | Found a hazy altar of Hepliaklqana.
   163 | D        | Found a shadowy altar of Dithmenos.
   163 | D        | Found a sacrificial altar of Ru.
   163 | D        | Found a snail-covered altar of Cheibriados.
   163 | D        | Found an opulent altar of Gozag.
   163 | D        | Found a sparkling altar of Nemelex Xobeh.
   164 | D        | Found an ancient bone altar of Kikubaaqudgha.
   164 | D        | Found Siag's Antique Armour Emporium.
   164 | D        | Found a glowing golden altar of the Shining One.
   164 | D        | Found an iron altar of Okawaru.
   164 | D        | Found a bloodstained altar of Trog.
   164 | D        | Found a blossoming altar of Fedhas.
   164 | D        | Found a stormy altar of Qazlal.
   164 | D        | Found a white marble altar of Elyvilon.
   164 | D        | Found a glowing silver altar of Zin.
   164 | D        | Noticed a yak
   173 | D        | Killed a yak
   174 | D        | Reached skill level 5 in Fighting
   174 | D        | Reached skill level 8 in Armour
   174 | D        | Reached XP level 3. HP: 13/38 MP: 3/3
   174 | D        | Reached XP level 4. HP: 16/44 MP: 4/4
   174 | D        | Reached XP level 5. HP: 18/51 MP: 5/5
   178 | D        | Found a shimmering blue altar of Sif Muna.
   178 | D        | Found a radiant altar of Vehumet.
   178 | D        | Found an ornate altar of the Wu Jian Council.
   399 | D        | Noticed Sigmund
   434 | D        | Killed from afar by Sigmund

Illustrated notes

Levels and vault maps discovered:
D:        dungeon_sprint_1 [red_sonja_temple_1, red_sonja_temple_small_1]

Skill      XL: |  1  2  3  4  5 |
---------------+----------------+-----
Fighting       | 3 5 |  5.8
Long Blades    | 2 4 |  4.5
Armour         | 5 8 |  8.5
Shields        | 4 6 7 |  7.1

Action                   |  1- 3 |  4- 6 || total
-------------------------+-------+-------++-------
Melee: Long sword        |    12 |    28 ||    40
       Tailslap          |     1 |     2 ||     3
Evoke: Wand              |     1 |       ||     1
  Use: Potion            |     3 |     1 ||     4
Armor: Scale mail        |     3 |     6 ||     9
Dodge: Dodged            |     3 |     3 ||     6
Block: Buckler           |     1 |     1 ||     2

Table legend: (Time is in decaauts)
 A = Elapsed time spent in this place.
 B = Non-inter-level travel time spent in this place.
 C = Inter-level travel time spent in this place.
 D = Time resting spent in this place.
 E = Time spent auto-exploring this place.
 F = Levels seen in this place.
 G = Mean time per level.
                   A        B        C        D        E       F      G
               +--------+--------+--------+--------+--------+-----+--------+
         Total |    433 |    433 |      0 |    301 |      0 |   1 |  433.0 |
       Dungeon |    433 |    433 |      0 |    301 |      0 |   1 |  433.0 |
               +--------+--------+--------+--------+--------+-----+--------+

Top non-repeatable levels by time:
       D: 433 daAuts
